 Dungeon Crawl Stone Soup version 0.29-a0-775-g4d7333d4e2 (webtiles) character file.

Game seed: 14711194717939463265

29 Anon1729 the Charlatan (level 3, 0/20 HPs)
             Began as a Kobold Artificer on July 1, 2022.
             Slain by a kobold
             ... wielding the +7 spear of Wabiysaf {vorpal, SInv}
              (2 damage)
             ... on level 2 of the Dungeon.
             The game lasted 00:01:21 (2717 turns).

Anon1729 the Charlatan (Kobold Artificer)           Turns: 2717, Time: 00:01:22

Health: 0/20       AC:  4    Str:  9    XL:     3   Next: 32%
Magic:  3/3        EV: 14    Int: 12    God:
Gold:   70         SH:  0    Dex: 17    Spells: 2/2 levels left

rFire   . . .      SeeInvis .   a - +0 club
rCold   . . .      Faith    .   (no shield)
rNeg    . . .      Spirit   .   b - +0 leather armour
rPois   .          Reflect  .   (no helmet)
rElec   .          Harm     .   p - +0 cloak
rCorr   .          Rampage  .   (no gloves)
Will    .....                   (no boots)
Stlth   +++.......              (no amulet)
HPRegen 0.06/turn               (no ring)
MPRegen 0.08/turn               (no ring)

@: no status effects
A: small, no large weapons, nightstalker 3
a: no special abilities


You were on level 2 of the Dungeon.
You visited 1 branch of the dungeon, and saw 2 of its levels.

You collected 70 gold pieces.

Inventory:

Hand Weapons
 a - a +0 club (weapon)
Armour
 b - a +0 leather armour (worn)
 p - a +0 cloak (worn)
Jewellery
 j - an amulet of the acrobat
Wands
 c - a wand of flame (6) (quivered)
 d - a wand of charming (15)
 e - a wand of iceblast (9)
Scrolls
 g - a scroll of torment {unknown}
 i - 2 scrolls of identify {unknown}
Potions
 f - 2 potions of curing {unknown}
 h - a potion of resistance {unknown}
 k - a potion of brilliance {unknown}
 l - 3 potions of might {unknown}
 m - a potion of lignification {unknown}
 n - a potion of mutation {unknown}
 o - a potion of ambrosia {unknown}


   Skills:
 + Level 1.5 Fighting
 + Level 0.6 Staves
 + Level 1.2 Armour
 + Level 2.8 Dodging
 + Level 2.1 Stealth
 + Level 3.9 Evocations


You had 2 spell levels left.
You didn't know any spells.
Your spell library contained the following spells:

 Spells                   Type           Power      Damage    Failure   Level
 Magic Dart               Conj           0%         1d3       41%         1
 Summon Small Mammal      Summ           0%         N/A       41%         1
 Call Imp                 Summ           0%         N/A       56%         2
 Call Canine Familiar     Summ           0%         N/A       80%         3
 Mephitic Cloud           Conj/Pois/Air  0%         N/A       80%         3
 Summon Guardian Golem    Hex/Summ       0%         N/A       80%         3


Dungeon Overview and Level Annotations

Branches:
Dungeon (2/15)

Altars:


Innate Abilities, Weirdness & Mutations

You are small and have problems with some larger weapons.
You are completely attuned to the shadows.


Message History

You closely miss the giant cockroach.
The giant cockroach is almost dead.
The giant cockroach bites you but does no damage.
The giant cockroach barely misses you.
You barely miss the giant cockroach.
The giant cockroach is almost dead.
The giant cockroach closely misses you. The giant cockroach misses you.
You closely miss the giant cockroach.
The giant cockroach is almost dead.
The giant cockroach bites you but does no damage.
You barely miss the giant cockroach.
The giant cockroach is almost dead.
The giant cockroach misses you.
The giant cockroach bites you but does no damage.
You hit the giant cockroach.
You kill the giant cockroach!
The kobold closely misses you.
The kobold hits you with the +7 spear of Wabiysaf {vorpal, SInv}.
You hit the kobold but do no damage.
The kobold hits you with the +7 spear of Wabiysaf {vorpal, SInv}.
You are too injured to fight recklessly!
You are too injured to fight recklessly!
You are too injured to fight recklessly!
You are too injured to fight recklessly!
You are too injured to fight recklessly!
You are too injured to fight recklessly!
You are too injured to fight recklessly!
You are too injured to fight recklessly!
You are too injured to fight recklessly!
You are too injured to fight recklessly!
You are too injured to fight recklessly!
You are too injured to fight recklessly!
You are too injured to fight recklessly!
You are too injured to fight recklessly!
You are too injured to fight recklessly!
You are too injured to fight recklessly!
You closely miss the kobold.
The kobold hits you with the +7 spear of Wabiysaf {vorpal, SInv}.
* * * LOW HITPOINT WARNING * * *
You die...

#####################
#....................
#.###################
#>....... w.......#
####.#### #######.#
####@## #.. ....K.#
##. ......# #.
......#### #.
.......... #.
...K...### #. ......#
#. ###...# #. #...#
#.


You could see a kobold.

Vanquished Creatures
  2 dart slugs
  2 ball pythons (D:1)
  2 endoplasms (D:1)
  A giant cockroach (D:2)
  5 hobgoblins (D:1)
  2 jackals (D:2)
  A quokka (D:1)
  A frilled lizard (D:1)
  A goblin (D:1)
  2 kobolds
  3 rats
22 creatures vanquished.

Notes
Turn   | Place    | Note
-------+----------+-------------------------------------------
     0 | D:1      | Anon1729 the Kobold Artificer began the quest for the Orb.
     0 | D:1      | Reached XP level 1. HP: 12/12 MP: 1/1
     8 | D:1      | Noticed an electric eel
    11 | D:1      | Noticed an electric eel
   562 | D:1      | Reached XP level 2. HP: 10/16 MP: 2/2
   720 | D:1      | Reached skill level 1 in Armour
   782 | D:1      | Found a faded altar of an unknown god.
  1901 | D:1      | Reached XP level 3. HP: 6/20 MP: 3/3
  2712 | D:2      | Identified the +7 spear of Wabiysaf {vorpal, SInv}
  2717 | D:2      | Slain by a kobold

Illustrated notes

Levels and vault maps discovered:
D:1:      arrival_aquarium_b, layout_basic,
          shapermc_ecumenical_altar_notcrosses, palyth_stone_intersect
D:2:      layout_basic, uniq_sigmund

Skill      XL: |  1  2  3 |
---------------+----------+-----
Armour         | 1 |  1.2
Stealth        | 2 |  2.1
Fighting       | |  1.5
Staves         | |  0.6
Dodging        | |  2.8
Evocations     | |  3.9

Action                   || total
-------------------------++-------
Melee: Club              ||   139
       Punch             ||     1
Evoke: Wand              ||     9
 Stab: Sleeping          ||     7
Armor: Leather armour    ||    39
Dodge: Dodged            ||   108

Table legend: (Time is in decaauts)
 A = Elapsed time spent in this place.
 B = Non-inter-level travel time spent in this place.
 C = Inter-level travel time spent in this place.
 D = Time resting spent in this place.
 E = Time spent auto-exploring this place.
 F = Levels seen in this place.
 G = Mean time per level.
                   A        B        C        D        E       F      G
               +--------+--------+--------+--------+--------+-----+--------+
         Total |   2758 |   2726 |     32 |    921 |   1493 |   2 | 1379.0 |
       Dungeon |   2758 |   2726 |     32 |    921 |   1493 |   2 | 1379.0 |
               +--------+--------+--------+--------+--------+-----+--------+

Top non-repeatable levels by time:
     D:1: 2360 daAuts
     D:2: 397 daAuts
